 Dungeon Crawl Stone Soup version 0.29.0-4-gdea44cf6ec (webtiles) character file.

Game seed: 9385147985818179506

8947 Arum the Fighter (level 11, -6/93 HPs)
             Began as a Formicid Fighter on Aug 27, 2022.
             Was a Priest of the Shining One.
             Mangled by a slime creature (12 damage)
             ... on level 10 of the Dungeon.
             The game lasted 00:16:15 (11122 turns).

Arum the Fighter (Formicid Fighter)                Turns: 11122, Time: 00:16:16

Health: -6/93      AC: 15    Str: 25    XL:     11   Next: 65%
Magic:  11/11      EV: 11    Int:  8    God:    the Shining One [***...]
Gold:   575        SH:  5    Dex: 13    Spells: 10/10 levels left

rFire   . . .      SeeInvis +   C - +4 quarterstaff
rCold   . . .      Faith    .   c - +0 buckler
rNeg    + . .      Spirit   .   b - +0 scale mail
rPois   .          Reflect  .   (helmet unavailable)
rElec   .          Harm     .   y - +0 cloak
rCorr   .          Rampage  .   (no gloves)
Will    +....                   m - +0 pair of boots
Stlth   ..........              (no amulet)
HPRegen 0.25/turn               z - +4 ring of protection
MPRegen 0.12/turn               g - ring of flight

@: flying, glowing
A: permanent stasis, dig shafts and tunnels, antennae 3, four strong arms
a: Dig, Shaft Self, Renounce Religion, Divine Shield, Cleansing Flame


You were on level 10 of the Dungeon.
You worshipped the Shining One.
The Shining One was most pleased with you.
You visited 1 branch of the dungeon, and saw 11 of its levels.
You also visited: Sewer.

You collected 625 gold pieces.
You spent 50 gold pieces at shops.

Inventory:

Hand Weapons
 r - a +4 quarterstaff of chaos
 C - a +4 quarterstaff (weapon)
Missiles
 F - a throwing net
Armour
 b - a +0 scale mail (worn)
 c - a +0 buckler (worn)
 m - a +0 pair of boots (worn)
 y - a +0 cloak (worn)
Jewellery
 g - a ring of flight (right hand)
 p - an amulet of reflection
 z - a +4 ring of protection (left hand)
 D - a ring of magical power
Wands
 o - a wand of digging (5)
 u - a wand of quicksilver (6)
Scrolls
 k - 2 scrolls of silence {unknown}
 l - 3 scrolls of enchant armour
 q - 2 scrolls of fear
 s - 2 scrolls of brand weapon {unknown}
 t - 3 scrolls of amnesia
 A - 3 scrolls of identify
 B - a scroll of enchant weapon
 G - a scroll of immolation {unknown}
 H - a scroll of magic mapping {unknown}
Potions
 a - 2 potions of flight {unknown}
 d - 4 potions of might
 e - 6 potions of curing
 f - 3 potions of attraction {unknown}
 h - 3 potions of magic {unknown}
 i - 3 potions of degeneration {unknown}
 j - 3 potions of brilliance
 n - 2 potions of cancellation
 v - a potion of heal wounds
 w - a potion of ambrosia {unknown}
 x - 3 potions of resistance {unknown}
 E - a potion of mutation {unknown}


   Skills:
 + Level 11.5 Fighting
 + Level 10.2 Staves
 - Level 10.4 Armour
 + Level 3.8 Dodging
 - Level 5.0 Shields


You had 10 spell levels left.
You didn't know any spells.
Your spell library contained the following spells:

 Spells                   Type           Power      Damage    Failure   Level
 Summon Small Mammal      Summ           0%         N/A       71%         1
 Ensorcelled Hibernation  Hex/Ice        0%         N/A       85%         2
 Poisonous Vapours        Pois/Air       0%         N/A       85%         2
 Call Canine Familiar     Summ           0%         N/A       97%         3
 Spider Form              Tmut/Pois      0%         N/A       97%         3
 Summon Guardian Golem    Hex/Summ       0%         N/A       97%         3
 Anguish                  Hex/Necr       0%         N/A       100%        4
 Corpse Rot               Necr/Pois/Air  0%         N/A       100%        4


Dungeon Overview and Level Annotations

Branches:
Dungeon (11/15)            Temple (0/1) D:5            Lair (0/5) D:9
  Sewer (visited)
    Orc: D:9-12

Altars:
Ashenzari
Cheibriados
Dithmenos
Elyvilon
Kikubaaqudgha
Makhleb
Nemelex Xobeh
Trog
Wu Jian
Yredelemnul
The Shining One

Shops:
D:5 [   D:7 *


Innate Abilities, Weirdness & Mutations

You cannot be hasted, slowed, berserked, paralysed or teleported.
You can dig through walls and to a lower floor.
You have a pair of large antennae on your head. (SInv)
Your four strong arms can wield two-handed weapons with a shield.


Message History

The large slime creature attacks as you move away!
The large slime creature hits you.
Two slime creatures merge to form a large slime creature.
The large slime creature attacks as you move away!
The large slime creature hits you!
Two slime creatures merge to form a large slime creature.
A large slime creature splits.
The slime creature attacks as you move away!
The slime creature hits you.
Two slime creatures merge to form a large slime creature.
There is a stone staircase leading up here.
A large slime creature splits.
You fly upwards.
There is a stone staircase leading down here.
You are too injured to fight recklessly!
You are too injured to fight recklessly!
You are too injured to fight recklessly!
You sock the slime creature!
The slime creature is lightly wounded.
The slime creature hits you!
You sock the slime creature!
The slime creature is moderately wounded.
The slime creature hits you but does no damage.
The slime creature hits you.
You hit the slime creature.
The slime creature is moderately wounded.
The slime creature hits you!
* * * LOW HITPOINT WARNING * * *
The slime creature hits you but does no damage.
You sock the slime creature!
The slime creature is heavily wounded.
The slime creature barely misses you.
You hit the slime creature.
The slime creature is heavily wounded.
The slime creature hits you!
* * * LOW HITPOINT WARNING * * *
The slime creature hits you but does no damage.
The slime creature attacks as you move away!
The slime creature hits you!
You die...

######### ##.......#
.........#
.........########
................#
.........#####..#######
.............#..@J....#
.............#...J.>..#
.8.8.8.......#........#
.............'........#
.8.8.8.8.#+###........#
......................#
.8...8................#
.............#'###....#
......#......#...#..<.#


You could see 2 slime creatures.

Vanquished Creatures
  2 two-headed ogres
  An unseen horror (D:11)
  A kobold demonologist (D:10)
  3 trolls
  A wraith (D:9)
  15 yaks
  A water moccasin (D:7)
  3 orc warriors
  An ice beast (D:5)
  A sky beast (D:7)
  3 black bears (D:7)
  2 ogres
  3 centaurs
  2 phantoms
  Blork the orc (D:4)
  2 kobold brigands (D:8)
  5 bullfrogs
  5 scorpions
  10 wights
  5 killer bees (D:9)
  5 howler monkeys (D:9)
  3 jellies
  4 electric eels (D:9)
  7 orc priests
  5 hounds
  Crazy Yiuf (D:5)
  Jessica (D:2)
  6 iguanas
  4 orc wizards
  A hell rat (Sewer)
  Robin (D:4)
  7 gnolls (D:3)
  4 adders
  A river rat (Sewer)
  2 shadow imps
  2 worms
  23 orcs
  7 endoplasms
  9 giant cockroaches
  22 goblins
  14 hobgoblins
  16 kobolds
  A quokka (D:1)
  3 ball pythons
  3 bats
  6 frilled lizards
  22 rats
247 creatures vanquished.

Vanquished Creatures (others)
  A fungus (D:5)
  53 plants (D:9)
54 creatures vanquished.

Grand Total: 301 creatures vanquished

Notes
Turn   | Place    | Note
-------+----------+-------------------------------------------
     0 | D:1      | Arum the Formicid Fighter began the quest for the Orb.
     0 | D:1      | Reached XP level 1. HP: 18/18 MP: 1/1
   170 | D:1      | Reached XP level 2. HP: 23/24 MP: 2/2
   787 | D:2      | Noticed Jessica
   795 | D:2      | Reached XP level 3. HP: 28/29 MP: 3/3
   796 | D:2      | Killed Jessica
   800 | D:2      | Reached XP level 4. HP: 27/37 MP: 4/4
   935 | D:2      | Found a glowing golden altar of the Shining One.
   945 | D:2      | Became a worshipper of the Shining One
  1339 | D:2      | Found a faded altar of an unknown god.
  1363 | D:3      | Reached skill level 4 in Fighting
  1385 | D:3      | Reached XP level 5. HP: 22/42 MP: 5/5
  1392 | D:3      | Reached skill level 5 in Shields
  1688 | D:3      | You fall into a shaft and drop 1 floor!
  1739 | D:4      | Reached XP level 6. HP: 25/49 MP: 6/6
  1753 | D:4      | Noticed an ogre
  1759 | D:4      | Killed an ogre
  1760 | D:4      | Reached skill level 5 in Fighting
  1760 | D:4      | Reached skill level 5 in Armour
  1778 | D:4      | Reached XP level 7. HP: 16/56 MP: 7/7
  1954 | D:4      | Reached * piety under the Shining One
  2035 | D:4      | Noticed Blork the orc
  2047 | D:4      | HP: 2/56 [Blork the orc/puff of frost (4)]
  2056 | D:4      | Killed Blork the orc
  2215 | D:4      | Found a glowing golden altar of the Shining One.
  2270 | D:4      | Noticed Robin
  2277 | D:4      | Killed Robin
  2316 | D:4      | Found a glowing drain.
  2327 | Sewer    | Entered a sewer
  2471 | D:5      | Entered Level 5 of the Dungeon
  2489 | D:5      | Found a broken altar of Ashenzari.
  2566 | D:5      | Reached XP level 8. HP: 64/64 MP: 8/8
  2578 | D:5      | Reached skill level 6 in Fighting
  2619 | D:5      | Reached skill level 5 in Staves
  3224 | D:5      | Found a staircase to the Ecumenical Temple.
  3339 | D:5      | Found a shadowy altar of Dithmenos.
  3361 | D:5      | Found Girus's Armour Emporium.
  3442 | D:5      | Noticed a moth of wrath
  3442 | D:5      | Reached ** piety under the Shining One
  3445 | D:5      | Found a bloodstained altar of Trog.
  3459 | D:5      | Reached skill level 7 in Fighting
  3480 | D:5      | Identified the +4 falchion "Pore" {vamp, rC++ Int+3 SInv
                  | Stlth-}
  3566 | D:5      | Found a basalt altar of Yredelemnul.
  3828 | D:5      | Found a sparkling altar of Nemelex Xobeh.
  4150 | D:5      | Found a runed translucent door.
  4151 | D:5      | Noticed Crazy Yiuf
  4159 | D:5      | Killed Crazy Yiuf
  4604 | D:3      | Reached XP level 9. HP: 61/72 MP: 9/9
  4714 | D:3      | Found a burning altar of Makhleb.
  5296 | D:6      | Found an ancient bone altar of Kikubaaqudgha.
  5962 | D:6      | Found a white marble altar of Elyvilon.
  6218 | D:7      | Found Gopha's CLEARANCE SALE!.
  6245 | D:7      | Bought a potion of heal wounds for 20 gold pieces
  6245 | D:7      | Bought a scroll of enchant weapon for 30 gold pieces
  6249 | D:7      | Reached skill level 8 in Fighting
  7121 | D:8      | Reached XP level 10. HP: 82/82 MP: 10/10
  7136 | D:8      | Found a snail-covered altar of Cheibriados.
  7178 | D:8      | Noticed a two-headed ogre
  7193 | D:8      | Killed a two-headed ogre
  7194 | D:8      | Reached skill level 9 in Fighting
  7364 | D:8      | Found an ornate altar of the Wu Jian Council.
  8042 | D:9      | Reached skill level 10 in Fighting
  8056 | D:9      | Reached skill level 10 in Armour
  8065 | D:9      | Reached *** piety under the Shining One
  8690 | D:9      | Reached XP level 11. HP: 65/91 MP: 11/11
  8898 | D:9      | Reached skill level 1 in Dodging
  9412 | D:9      | Found a staircase to the Lair.
 10120 | D:10     | Entered Level 10 of the Dungeon
 10153 | D:10     | Noticed a two-headed ogre
 10159 | D:10     | Killed a two-headed ogre
 10160 | D:10     | Reached skill level 11 in Fighting
 10372 | D:10     | Reached skill level 10 in Staves
 11122 | D:10     | Mangled by a slime creature

Illustrated notes

Levels and vault maps discovered:
D:1:      spicycebolla_green_bress_n_ham, layout_loops_ring,
          minmay_misc_feat_tiny
D:2:      layout_rooms, basic_altar, hellmonk_ecumenical_altar_run_dry,
          uniq_jessica
D:3:      layout_loops_ring, marbit_many_paths, nicolae_figureground_pulse
D:4:      layout_basic, nicolae_tso_swordbearing_angel, portal_sewer_entry_e,
          kennysheep_generic_room_15, uniq_robin, uniq_blork_the_orc
D:5:      nicolae_cairo_tiling_very_big, layout_basic,
          nemelex_dance_club_becter, mainiacjoe_overflow_alcove_2,
          nicolae_ashenzari_panopticon, tgw_trog, lemuel_round_altar,
          temple_green, serial_shops, shop, hangedman_decor_clover_reticule,
          uniq_crazy_yiuf_cottage
D:6:      layout_basic, lemuel_coloured_pillars_altar, lemuel_crystal_altar,
          dreamdust_wishing_well
D:7:      layout_basic, serial_rivers, chequers_serial_rivers_micro_d,
          chequers_serial_rivers_room_a, chequers_serial_rivers_small_3,
          chequers_serial_rivers_small_b, minmay_misc_feat_roman,
          nicolae_shop_clearance
D:8:      layout_loops_ring, lemuel_crystal_altar, mainiacjoe_overflow_24_doors
D:9:      layout_long_grid, lair_entry_dummy, serial_bayou, serial_bayou_pond_b,
          serial_bayou_lagoon_a, serial_bayou_pond_b, serial_bayou_ford_a,
          serial_bayou_crossing, serial_bayou_pond_e
D:10:     layout_irregular_city, serial_column_ruins, column_ruins_hut,
          column_ruins_grid_5, column_ruins_open_small, column_ruins_grid_1,
          column_ruins_columns_corner, column_ruins_grid_4,
          column_ruins_open_small, minmay_tree_intersection
D:11:     layout_loops_cross, yredelemnul_altar_generic, uniq_snorg

Skill      XL: |  1  2  3  4  5  6  7  8  9 10 11 |
---------------+----------------------------------+-----
Fighting       | 4 5 7 8 10 11 | 11.5
Armour         | 4 5 7 8 10 | 10.4
Staves         | 3 4 6 7 9 10 | 10.2
Shields        | 5 |  5.0
Dodging        | 3 |  3.8

Action                   |  1- 3 |  4- 6 |  7- 9 | 10-12 || total
-------------------------+-------+-------+-------+-------++-------
Melee: Quarterstaff      |    39 |   127 |   344 |   253 ||   763
 Abil: Dig               |       |     2 |     2 |     1 ||     5
Evoke: Wand              |       |     3 |     1 |     5 ||     9
  Use: Scroll            |       |       |    10 |     1 ||    11
       Potion            |       |       |     4 |     7 ||    11
Armor: Scale mail        |     7 |    46 |   128 |    95 ||   276
Dodge: Dodged            |    11 |    52 |   118 |    79 ||   260
Block: Buckler           |     4 |    23 |    50 |    49 ||   126
